 Dungeon Crawl Stone Soup version 0.29-a0-520-gc852659d43 (webtiles) character file.

Game seed: 470327713437967388

12 jifgo the Insei (level 2, -3/18 HPs)
             Began as an Octopode Transmuter on May 29, 2022.
             Succumbed to a kobold's poison
             ... on level 1 of the Dungeon on May 31, 2022.
             The game lasted 00:01:14 (680 turns).

jifgo the Insei (Octopode Transmuter)                Turns: 680, Time: 00:01:15

Health: -3/18      AC:  1    Str:  9    XL:     2   Next: 33%
Magic:  5/5        EV: 13    Int: 15    God:
Gold:   17         SH:  0    Dex: 12    Spells: 4/5 levels left

rFire   . . .      SeeInvis .     - Unarmed
rCold   . . .      Faith    .   (no shield)
rNeg    . . .      Spirit   .   (helmet restricted)
rPois   .          Reflect  .   (no amulet)
rElec   .          Harm     .   (no ring)
rCorr   .          Rampage  .   (no ring)
Will    .....                   (no ring)
Stlth   ++........              (no ring)
HPRegen 0.06/turn               (no ring)
MPRegen 0.09/turn               (no ring)
                                (no ring)
                                (no ring)

@: lethally poisoned (-3 -> -20)
A: almost no armour, amphibious, 8 rings, camouflage 1, gelatinous body 1,
(nimble swimmer 1), tentacles
a: no special abilities


You were on level 1 of the Dungeon.
You visited 1 branch of the dungeon, and saw 1 of its levels.

You collected 17 gold pieces.

Inventory:

Missiles
 e - 6 poisoned darts
Scrolls
 b - a scroll of enchant weapon {unknown}
Potions
 a - 2 potions of lignification
 c - a potion of curing {unknown}
 d - a potion of flight {unknown}


   Skills:
 + Level 1.0 Fighting
 + Level 2.2 Dodging
 + Level 3.5 Unarmed Combat
 - Level 2.0 Spellcasting
 - Level 2.0 Transmutations


You had 4 spell levels left.
You knew the following spells:

 Your Spells              Type           Power      Damage    Failure   Level
a - Beastly Appendage     Tmut           14%        N/A       10%         1

Your spell library contained the following spells:

 Spells                   Type           Power      Damage    Failure   Level
 Wereblood                Tmut           7%         N/A       14%         2
 Spider Form              Tmut/Pois      4%         N/A       41%         3
 Ice Form                 Ice/Tmut       4%         N/A       82%         4


Dungeon Overview and Level Annotations

Branches:
Dungeon (1/15)

Altars:


Innate Abilities, Weirdness & Mutations

You cannot wear most types of armour.
You are amphibious.
You can wear up to eight rings at the same time.
Your skin changes colour to match your surroundings (Stealth+).
Your rubbery body absorbs attacks. (AC +1, EV +1)
((You are camouflaged when in or above water. (Stealth+)))
You have tentacles for arms and can constrict up to eight enemies at once.


Message History

You tentacle-slap the ball python.
You kill the ball python!
You see here a ball python corpse.
A ball python comes into view.
The ball python hisses angrily.
A rat comes into view.
The ball python moves out of view.
A rat comes into view.
The ball python closely misses you. The ball python misses you.
You tentacle-slap the ball python.
You kill the ball python!
The rat barely misses you.
You closely miss the rat. Your grab misses the rat. The rat misses you.
You tentacle-slap the rat but do no damage.
You grab the rat. You constrict the rat. The rat closely misses you.
You tentacle-slap the rat but do no damage.
The rat is heavily wounded.
You constrict the rat.
You kill the rat!
A rat comes into view.
The rat bites you.
You barely miss the rat. You grab the rat. You constrict the rat.
The rat bites you.
You tentacle-slap the rat.
You kill the rat!
The helpless rat fails to defend itself.
You tentacle-slap the rat.
You kill the rat!
A kobold comes into view.
It is wielding a +2 short sword of venom.
The kobold shouts!
You tentacle-slap the kobold. Your grab misses the kobold.
The kobold is moderately wounded.
The kobold hits you with a +2 short sword of venom.
You are poisoned.
Unknown command.
The kobold attacks as you move away!
The kobold hits you with a +2 short sword of venom!
* * * LOW HITPOINT WARNING * * *
You are more poisoned.
You die...

## #. .. .### #####.
.# ... #..... .# ...
#.....#+##.#.#.#
##..............#
#..........####.####
#.#................#
#........@#####.##.#
..#######.#.###.# .#
+.....K.#.....# .#
#########.##### ##
#...(...# .#
#.^.....# .#
#.......# .#
#....†..# .#
#.......#


You could see a kobold.

Vanquished Creatures
  2 goblins (D:1)
  A hobgoblin (D:1)
  5 ball pythons (D:1)
  A bat (D:1)
  5 rats (D:1)
14 creatures vanquished.

Notes
Turn   | Place    | Note
-------+----------+-------------------------------------------
     0 | D:1      | jifgo the Octopode Transmuter began the quest for the Orb.
     0 | D:1      | Reached XP level 1. HP: 13/13 MP: 3/3
     0 | D:1      | Upgraded the game from 0.29-a0-512-gf59ac788ac to
                  | 0.29-a0-520-gc852659d43
   506 | D:1      | Reached XP level 2. HP: 15/18 MP: 5/5
   680 | D:1      | Succumbed to a kobold's poison

Illustrated notes

Levels and vault maps discovered:
D:1:      dpeg_chamrin_arrival_tetris, layout_basic

Action                   || total
-------------------------++-------
Melee: Unarmed           ||    31
       Tentacles         ||     4
       Constrict         ||     6
 Stab: Sleeping          ||     1
Armor: Skin              ||     1
Dodge: Dodged            ||    25

Table legend: (Time is in decaauts)
 A = Elapsed time spent in this place.
 B = Non-inter-level travel time spent in this place.
 C = Inter-level travel time spent in this place.
 D = Time resting spent in this place.
 E = Time spent auto-exploring this place.
 F = Levels seen in this place.
 G = Mean time per level.
                   A        B        C        D        E       F      G
               +--------+--------+--------+--------+--------+-----+--------+
         Total |    678 |    678 |      0 |    276 |    259 |   1 |  678.0 |
       Dungeon |    678 |    678 |      0 |    276 |    259 |   1 |  678.0 |
               +--------+--------+--------+--------+--------+-----+--------+

Top non-repeatable levels by time:
     D:1: 678 daAuts
